 Dungeon Crawl Stone Soup version 0.27-a0-988-g25969acef8 (webtiles) character file.

Game seed: 9598352870410316978

25 littlecub the Poker (level 3, 0/28 HPs)
             Began as a Merfolk Gladiator on Apr 15, 2021.
             Was a Follower of Makhleb.
             Succumbed to an adder's poison
             ... on level 2 of the Dungeon.
             The game lasted 00:01:40 (1359 turns).

littlecub the Poker (Merfolk Gladiator)             Turns: 1359, Time: 00:01:40

Health: 0/28       AC:  4    Str: 15    XL:     3   Next: 6%
Magic:  3/3        EV: 13    Int:  7    God:    Makhleb [*.....]
Gold:   29         SH:  0    Dex: 15    Spells: 2/2 levels left

rFire    . . .     SeeInvis .   a - +0 trident
rCold    . . .     Faith    .   (no shield)
rNeg     . . .     Spirit   .   b - +0 leather armour
rPois    .         Reflect  .   c - +0 helmet
rElec    .         Harm     .   (no cloak)
rCorr    .         Rampage  .   (no gloves)
Will     .....                  (no boots)
Stlth    +.........             (no amulet)
HPRegen  0.09/turn              (no ring)
MPRegen  0.08/turn              (no ring)

@: lethally poisoned (0 -> -5), very slightly contaminated, invisible
A: (nimble swimmer 2), mertail
a: Renounce Religion


You were on level 2 of the Dungeon.
You worshipped Makhleb.
Makhleb was aware of your devotion.
You visited 1 branch of the dungeon, and saw 2 of its levels.

You collected 29 gold pieces.

Inventory:

Hand Weapons
 a - a +0 trident (weapon)
Missiles
 d - 3 throwing nets (quivered)
Armour
 b - a +0 leather armour (worn)
 c - a +0 helmet (worn)
 j - a +0 scale mail
Scrolls
 e - a scroll of immolation {unknown}
 f - a scroll of identify {unknown}
 i - a scroll of amnesia {unknown}
Potions
 h - a potion of cancellation {unknown}


   Skills:
 * Level 2.7 Fighting
 * Level 5.0 Polearms
 - Level 2.0 Throwing
 + Level 0.4 Armour
 + Level 4.3 Dodging
 + Level 0.0 Invocations


You had 2 spell levels left.
You didn't know any spells.
Your spell library was empty.

Dungeon Overview and Level Annotations

Branches:
Dungeon (2/15)

Altars:
Makhleb


Innate Abilities, Weirdness & Mutations

((You are quick and stealthy near water. (Stealth+, EV+, Speed+++)))
Your lower body shifts to a powerful aquatic tail in water.


Message History

The adder is heavily wounded.
The adder bites you.
You closely miss the adder.
The adder is heavily wounded.
The adder barely misses you.
You barely miss the adder.
The adder is heavily wounded.
The adder barely misses you. The adder bites you.
You are poisoned.
The adder poisons you!
You barely miss the adder.
The adder is heavily wounded.
You feel sick. The adder closely misses you.
You miss the adder.
The adder is heavily wounded.
You feel sick. The adder bites you.
You closely miss the adder.
The adder is heavily wounded.
You feel sick. The adder bites you. x2
* * * LOW HITPOINT WARNING * * *
You barely miss the adder.
The adder is heavily wounded.
You feel sick.
You are no longer poisoned.
The adder completely misses you.
You miss the adder.
The adder is heavily wounded.
The adder bites you but does no damage. x2
You hit the adder but do no damage.
The adder is moderately wounded.
The adder bites you.
* * * LOW HITPOINT WARNING * * *
You are lethally poisoned!
The adder poisons you!
It was a potion of invisibility.
You fade into invisibility!
* * * LOW HITPOINT WARNING * * *
You feel sick. The adder closely misses you.
You are very lightly contaminated with residual magic.
You die...

##### ########...#######
#.................
#............####.
#....#............
#######....#.......##...
#.........###.....## ..
#..>...@...........### .
#....S..###...........
.........# #........###
##.......###.......####
#.....................
#........####.#######.
...###..#.# #.........
.#. ...... ###..##### ##
. ....#+##......###...


You could see an adder.

Vanquished Creatures
  3 endoplasms (D:1)
  2 giant cockroaches
  A goblin (D:1)
  A hobgoblin (D:1)
  4 jackals (D:1)
  2 quokkas
  A bat (D:1)
  3 frilled lizards (D:1)
  5 kobolds
  2 rats (D:1)
24 creatures vanquished.

Notes
Turn   | Place    | Note
-------+----------+-------------------------------------------
     0 | D:1      | littlecub the Merfolk Gladiator began the quest for the
                  | Orb.
     0 | D:1      | Reached XP level 1. HP: 16/16 MP: 1/1
    37 | D:1      | Reached XP level 2. HP: 4/23 MP: 2/2
   884 | D:1      | Found a faded altar of an unknown god.
   955 | D:1      | Became a worshipper of Makhleb the Destroyer
   955 | D:1      | Reached * piety under Makhleb
  1306 | D:2      | Reached skill level 5 in Polearms
  1306 | D:2      | Reached XP level 3. HP: 28/28 MP: 3/3
  1358 | D:2      | HP: 1/28 [poisoned by an adder]
  1359 | D:2      | Succumbed to an adder's poison

Illustrated notes

Levels and vault maps discovered:
D:1:      sevenhm_arrival_forest_fort_small_6, layout_loops_ring,
          ebering_ecumenical_altar_hall
D:2:      layout_rooms, serial_shops, nicolae_shop_behind_doors,
          minmay_lizard_king, uniq_crazy_yiuf_cottage, uniq_natasha

Skill      XL: |  1  2 |
---------------+-------+-----
Polearms       | 5 |  5.0
Fighting       | |  2.7
Throwing       | |  2.0
Armour         | |  0.4
Dodging        | |  4.3

Action                   || total
-------------------------++-------
Melee: Trident           ||    68
  Use: Potion            ||     1
 Stab: Sleeping          ||     1
Armor: Leather armour    ||    15
Dodge: Dodged            ||    40

Table legend: (Time is in decaauts)
 A = Elapsed time spent in this place.
 B = Non-inter-level travel time spent in this place.
 C = Inter-level travel time spent in this place.
 D = Time resting spent in this place.
 E = Time spent auto-exploring this place.
 F = Levels seen in this place.
 G = Mean time per level.
                   A        B        C        D        E       F      G
               +--------+--------+--------+--------+--------+-----+--------+
         Total |   1363 |   1259 |    104 |      0 |   1126 |   2 |  681.5 |
       Dungeon |   1363 |   1259 |    104 |      0 |   1126 |   2 |  681.5 |
               +--------+--------+--------+--------+--------+-----+--------+

Top non-repeatable levels by time:
     D:1: 1304 daAuts
     D:2: 58 daAuts
